AoeStats
← Leão

Arabia

507142824Analyzed
2v2 RM · 15d ago on Sep 16, 2026· 50m 46s· 4 players
Game mode
Random Map
Map size
Medium (4 player)
Population
200
Speed
Normal
Resources
Standard
Victory
Conquest
Starting age
Dark Age
Ending age
Imperial Age
RankedLock teamsTeams togetherTeam positionsShared explorationLock speedFull tech treeHidden civsTurbo modeCheats
Victory
Defeat
🇧🇷 Magyars · Brazil
1288
+13
🇧🇷 Ethiopians · Brazil
1269
+13
🇦🇷 Georgians · Argentina
1284
-16
🇦🇷 Saracens · Argentina
1137
-10
Pepe :)
7:08 Loom
9:47 Feudal Age
17:38 Bloodlines
24:30 Castle Age
23:06 Scale Barding Armor
25:28 Wheelbarrow
24:40 Double-Bit Axe
24:46 Gold Mining
25:36 Chain Barding Armor
29:13 Forging
30:21 Husbandry
32:10 Iron Casting
49:57 Hand Cart
CAT1913
6:47 Loom
10:03 Feudal Age
10:58 Double-Bit Axe
14:05 Fletching
21:59 Horse Collar
22:45 Padded Archer Armor
27:22 Castle Age
27:31 Wheelbarrow
27:23 Crossbowman
28:09 Thumb Ring
28:01 Bodkin Arrow
28:21 Bow Saw
30:19 Heavy Plow
33:22 Ballistics
33:54 Leather Archer Armor
41:28 Gold Mining
47:42 Imperial Age
47:50 Arbalester
48:36 Bracer
50:37 Chemistry
Leão
6:25 Loom
9:29 Feudal Age
10:49 Wheelbarrow
12:04 Double-Bit Axe
21:39 Fletching
28:19 Castle Age
26:41 Gold Mining
27:00 Padded Archer Armor
28:04 Horse Collar
28:57 Bodkin Arrow
28:25 Crossbowman
29:36 Bow Saw
34:16 Leather Archer Armor
38:30 Ballistics
41:44 Thumb Ring
43:52 Town Watch
47:33 Imperial Age
47:39 Hand Cart
48:06 Arbalester
48:47 Bracer
49:58 Ring Archer Armor
50:56 Conscription
52:16 Two-Man Saw
KID EmSexto
6:55 Loom
9:45 Feudal Age
10:12 Double-Bit Axe
19:45 Scale Barding Armor
23:06 Castle Age
21:03 Horse Collar
21:19 Gold Mining
22:45 Bloodlines
24:05 Bow Saw
24:17 Chain Barding Armor
25:33 Husbandry
26:39 Pikeman
33:03 Scale Mail Armor
34:13 Wheelbarrow
35:00 Heavy Plow
36:27 Stone Mining
45:34 Imperial Age
43:23 Hand Cart
45:59 Cavalier
49:11 Two-Man Saw
49:17 Light Cavalry
51:06 Plate Barding Armor
Connection lost

Rejoining the realm…

Still unreachable

The connection could not be restored.

Session expired

The server has moved on; the page needs a fresh start.